 Dungeon Crawl Stone Soup version 0.23.1 (webtiles) character file.

Game seed: 15798584784478977994

375 misha the Cudgeler (level 6, -2/85 HPs)
             Began as a Minotaur Berserker on Mar 9, 2019.
             Was a Priest of Trog.
             Slain by an orc warrior
             ... wielding a +0 scimitar
              (12 damage)
             ... on level 4 of the Dungeon.
             The game lasted 00:11:09 (3307 turns).

misha the Cudgeler (Minotaur Berserker)             Turns: 3307, Time: 00:11:10

Health: -2/85      AC: 12    Str: 31    XL:     6   Next: 44%
Magic:  5/5        EV:  7    Int:  4    God:    Trog [***...]
Gold:   154        SH:  4    Dex: 10    Spells: 5/5 levels left

rFire    . . .     SeeInvis +   a - +1 hand axe
rCold    . . .     Gourm    .   m - +1 buckler
rNeg     . . .     Faith    .   p - +0 plate armour
rPois    .         Spirit   .   (helmet restricted)
rElec    .         Reflect  .   (no cloak)
rCorr    .         Harm     .   (no gloves)
MR       .....                  u - +0 pair of boots
Stlth    ..........             (no amulet)
HPRegen  0.24/turn              g - ring of see invisible
MPRegen  0.09/turn              r - +3 ring of strength

@: berserking (expiring), very quick
A: retaliatory headbutt, horns 2
a: Berserk, Trog's Hand, Renounce Religion


You were on level 4 of the Dungeon.
You worshipped Trog.
Trog was most pleased with you.
You were not hungry.

You visited 1 branch of the dungeon, and saw 4 of its levels.

You collected 154 gold pieces.

Inventory:

Hand Weapons
 a - a +1 hand axe (weapon)
Missiles
 h - 163 stones (quivered)
 i - 23 sling bullets
 j - 5 tomahawks of dispersal
 l - 13 tomahawks
Armour
 m - a +1 buckler (worn)
 p - a +0 plate armour (worn)
 u - a +0 pair of boots (worn)
Jewellery
 g - a ring of see invisible (left hand)
 r - a +3 ring of strength (right hand)
Scrolls
 d - a scroll of magic mapping
 f - 3 scrolls of remove curse
 o - a scroll of enchant armour
 s - a scroll of identify
Potions
 b - a potion of curing
 k - a potion of might {unknown}
 q - a potion of agility {unknown}
Comestibles
 c - 7 rations


   Skills:
 + Level 5.8 Fighting
 * Level 4.0(5.6) Axes
   Level 6.1(6.7) Maces & Flails
 - Level 2.4 Armour
 - Level 2.1 Dodging


You had 5 spell levels left.
You didn't know any spells.
Your spell library was empty.

Dungeon Overview and Level Annotations

Branches:
Dungeon (4/15)
 Temple: D:4-7

Altars:
Vehumet


Innate Abilities, Weirdness & Mutations

You reflexively headbutt those who attack you in melee.
You have a pair of horns on your head.


Message History

The orc warrior is lightly wounded.
Your plate armour prevents you from hitting the orc.
The orc warrior hits you with a +0 scimitar!
* * * LOW HITPOINT WARNING * * *
Your plate armour prevents you from hitting the orc warrior.
Your headbutt misses the orc warrior.
The orc warrior is lightly wounded.
You slash the orc!
You kill the orc!
Trog accepts your kill.
You closely miss the orc warrior. Your headbutt misses the orc warrior.
The orc warrior is lightly wounded.
The orc warrior hits you with a +0 scimitar!
* * * LOW HITPOINT WARNING * * *
You slash the orc warrior! Your headbutt misses the orc warrior.
The orc warrior is almost dead.
You hit the orc warrior. Your headbutt misses the orc warrior.
The orc warrior is almost dead.
The orc warrior hits you with a +0 scimitar!
You die...

##.(### # #....#
###.......#
#.#.#.#.#.#.........#
...<................#
#.#.#.#.##..........#
. ... .. ##.........#
.#.#. .#...........#
...r... ..#....))...#
# #.# #. ###...o@...#
... .. #...†....##
#.# ## ##........#
#........# #........#
##.......# #.......##
#.......†# #######
##.....†.# #.....###


You could see an orc warrior.

Vanquished Creatures
  2 orc priests
  3 orc wizards
  An iguana (D:4)
  Terence (D:2)
  7 adders
  An ooze (D:3)
  3 worms
  3 dart slugs
  3 leopard geckos
  10 orcs
  3 ball pythons
  7 giant cockroaches
  5 goblins
  4 hobgoblins
  11 jackals
  2 quokkas
  7 bats
  3 frilled lizards
  8 kobolds
  3 rats (D:1)
87 creatures vanquished.

Notes
Turn   | Place    | Note
-------+----------+-------------------------------------------
     0 | D:1      | misha the Minotaur Berserker began the quest for the Orb.
     0 | D:1      | Reached XP level 1. HP: 19/19 MP: 0/0
   107 | D:1      | Reached skill level 4 in Maces & Flails
   109 | D:1      | Reached XP level 2. HP: 27/27 MP: 1/1
   348 | D:1      | Reached ** piety under Trog
   479 | D:1      | Reached XP level 3. HP: 30/33 MP: 2/2
   784 | D:2      | Reached skill level 5 in Maces & Flails
   862 | D:2      | Reached XP level 4. HP: 41/41 MP: 3/3
   910 | D:2      | Noticed Terence
   919 | D:2      | Killed Terence
   919 | D:2      | Reached skill level 5 in Fighting
   919 | D:2      | Reached skill level 6 in Maces & Flails
   919 | D:2      | Reached XP level 5. HP: 43/48 MP: 4/4
  1179 | D:2      | Found a radiant altar of Vehumet.
  1549 | D:3      | Reached skill level 1 in Axes
  2081 | D:3      | Reached *** piety under Trog
  2897 | D:4      | Reached XP level 6. HP: 56/56 MP: 5/5
  3291 | D:4      | Noticed an orc warrior
  3307 | D:4      | Slain by an orc warrior

Skill      XL: |  1  2  3  4  5  6 |
---------------+-------------------+-----
Maces & Flails | 4 5 6 |  6.1
Fighting       | 4 5 |  5.8
Axes           | 3 4 |  4.0
Armour         | |  2.4
Dodging        | |  2.1

Action                   |  1- 3 |  4- 6 || total
-------------------------+-------+-------++-------
Melee: Mace              |    65 |    26 ||    91
       Headbutt          |     8 |    17 ||    25
       Hand axe          |       |    45 ||    45
       Hunting sling     |       |     3 ||     3
 Fire: Hunting sling     |       |   194 ||   194
Invok: Berserk           |     1 |     3 ||     4
  Use: Scroll            |     5 |     5 ||    10
  Eat: Chunk             |       |     8 ||     8
       Ration            |       |     1 ||     1
Armor: Animal skin       |     6 |       ||     6
       Plate armour      |    30 |   148 ||   178
Dodge: Dodged            |    25 |    55 ||    80
Block: Buckler           |     3 |    50 ||    53
